Panthers vs Predators
Created - March 15, 2024 at 23:00
Goals
|
| Panthers |
0 |
0 |
2 |
2 |
| Predators |
1 |
0 |
4 |
5 |
|
Shots
|
| Panthers |
8 |
7 |
10 |
25 |
| Predators |
7 |
8 |
9 |
24 |
|
1st period
1. Predators , Jaden Schwartz 23 (Andy Miele 26, Ryan Mcdonagh 25) at 3:47
Penalties :
Mark Pysyk (Nas) for Cross-checking (Minor) at 4:30, Kris Versteeg (Flo) for Hooking (Minor) at 9:24, Andy Miele (Nas) for Slashing (Minor) at 15:06
2nd period
No Goal
Penalties :
Andy Miele (Nas) for Hooking (Minor) at 0:34, Kris Versteeg (Flo) for Hooking (Minor) at 8:28, Quinton Howden (Flo) for Hooking (Minor) at 13:07, Justin Faulk (Nas) for Holding (Minor) at 16:33
3rd period
2. Predators , Morgan Rielly 1 (Jaden Schwartz 27) at 1:13 (PP)
3. Panthers , Matt Duchene 38 (Griffin Reinhart 16) at 14:24
4. Panthers , Griffin Reinhart 7 (Jordan Staal 41, Alex Iafallo 21) at 15:16 (PP)
5. Predators , Claude Giroux 21 (Jack Eichel 29, Alexander Ovechkin 18) at 18:17
6. Predators , Jaden Schwartz 24 (Morgan Rielly 5) at 18:47
7. Predators , Alexander Ovechkin 16 (John Moore 12, Andy Miele 27) at 19:57
Penalties :
Alex Pietrangelo (Flo) for Hooking (Minor) at 0:38, Claude Giroux (Nas) for Roughing (Minor) at 1:29, Andy Miele (Nas) for High sticking (Minor) at 14:48, Alex Pietrangelo (Flo) for Tripping (Minor) at 15:34
Goalie Stats
Ville Husso (Flo), 19 saves from 24 shots - (0.792), L, 22-12-2, 60:00 minutes
Kari Lehtonen (Nas), 23 saves from 25 shots - (0.920), W, 16-12-1, 60:00 minutes
Players Stats for Panthers
Player Name G A P +/- PIM S H SB GA TA FO MP PP MP PK MP
------------------------------------------------------------------------------------
Alex Goligoski 0 0 0 -1 0 1 1 4 0 1 0/0 25:00 5:35 4:40
Alex Iafallo 0 1 1 -2 0 1 3 0 1 0 0/0 18:31 4:39 3:33
Alex Pietrangelo 0 0 0 -2 4 3 0 0 0 1 0/0 25:53 6:51 3:16
Blake Geoffrion 0 0 0 0 0 1 1 1 0 0 0/0 9:32 0:02 1:05
Danny DeKeiser 0 0 0 -1 0 3 3 1 0 0 0/0 26:18 3:03 5:15
Griffin Reinhart 1 1 2 0 0 2 1 0 0 1 0/0 21:25 4:56 0:35
Jamie Benn 0 0 0 0 0 0 3 1 0 0 0/0 10:31 0:00 0:00
Jerry D'Amigo 0 0 0 -1 0 0 2 0 0 1 0/0 8:25 0:02 0:00
Jordan Staal 0 1 1 -1 0 2 1 0 0 0 5/5 15:12 4:39 2:11
Kirill Kaprizov 0 0 0 0 0 1 2 0 0 0 0/0 18:24 5:29 0:00
Kris Versteeg 0 0 0 -1 4 2 0 1 0 0 1/2 21:48 5:42 2:38
Matt Duchene 1 0 1 -1 0 6 1 0 1 0 16/29 19:25 5:42 0:12
Miro Aaltonen 0 0 0 -1 0 0 2 1 0 1 3/6 15:23 0:15 3:41
Nikita Tryamkin 0 0 0 0 0 0 0 1 0 0 0/0 0:30 0:00 0:00
Niklas Hansson 0 0 0 -3 0 1 1 2 0 1 0/0 19:35 0:21 3:16
Petr Straka 0 0 0 0 0 0 3 0 0 0 0/0 10:18 0:00 0:00
Quinton Howden 0 0 0 0 2 1 0 0 1 0 2/5 12:13 0:00 3:42
Victor Oreskovich 0 0 0 -1 0 1 0 0 0 0 0/0 13:01 4:39 0:00
Players Stats for Predators
Player Name G A P +/- PIM S H SB GA TA FO MP PP MP PK MP
------------------------------------------------------------------------------------
Alexander Ovechkin 1 1 2 2 0 5 0 1 1 0 0/1 17:28 5:17 2:12
Andreas Englund 0 0 0 1 0 0 1 2 0 0 0/0 15:12 0:00 5:03
Andy Miele 0 2 2 1 6 0 1 0 1 0 4/10 16:55 3:56 1:14
Claude Giroux 1 0 1 1 2 2 1 1 1 0 4/9 22:18 4:35 4:25
Jack Eichel 0 1 1 1 0 1 1 0 1 0 10/22 17:04 4:35 0:11
Jaden Schwartz 2 1 3 1 0 4 3 0 1 0 0/0 18:15 3:56 2:43
Joel Armia 0 0 0 1 0 1 1 0 0 0 0/0 7:47 0:00 0:00
John Moore 0 1 1 1 0 2 0 0 0 0 0/0 20:16 3:14 4:59
Justin Faulk 0 0 0 0 2 0 2 2 0 1 0/0 19:32 0:00 4:34
Mark Pysyk 0 0 0 0 2 1 3 1 0 0 0/0 13:40 0:00 4:23
Markus Granlund 0 0 0 0 0 1 0 0 1 0 1/1 7:22 0:00 0:00
Mikael Granlund 0 0 0 1 0 0 2 0 0 0 0/0 19:37 4:35 2:43
Morgan Rielly 1 1 2 1 0 2 1 0 0 1 0/0 17:08 3:14 0:46
Nicolas Kerdiles 0 0 0 0 0 1 1 0 0 0 0/1 10:44 0:00 2:55
Reilly Smith 0 0 0 1 0 0 1 0 0 0 0/0 15:31 3:56 0:00
Ryan Mcdonagh 0 1 1 1 0 1 2 2 0 1 0/0 28:30 5:17 5:24
Scott Laughton 0 0 0 1 0 3 1 0 0 0 1/3 9:11 0:00 0:00
Travis Dermott 0 0 0 1 0 0 2 0 0 0 0/0 13:01 0:00 0:00
3 Stars
1 - Jaden Schwartz (Nas)
2 - Alexander Ovechkin (Nas)
3 - Morgan Rielly (Nas)
Power Play
Panthers - 1 on 6 Attempt(s) - 16.67%
Predators - 1 on 5 Attempt(s) - 20.00%
Penalty Kill
Panthers - 4 on 5 Attempt(s) - 80.00%
- Score 0 goal in Penalty Kill
Predators - 5 on 6 Attempt(s) - 83.33%
- Score 0 goal in Penalty Kill
Team Stat
Panthers - Hits : 24 - Faceoff Wins : 27 - Blocked Shots : 12 - Penalty Minutes : 10
Predators - Hits : 23 - Faceoff Wins : 20 - Blocked Shots : 9 - Penalty Minutes : 12
Official
Referees : Brad Meier and Ghislain Hebert
Linesman : Bryan Pancich and Travis Gawryletz
Game Notes
Nikita Tryamkin is injured at 2:29 of 1st period (Sprained Right Ankle)
Finance
Level 1 -- Attendance: 6000 (100.00%) -- Ticket Income $600,000
Level 2 -- Attendance: 4900 (98.00%) -- Ticket Income $294,000
Level 3 -- Attendance: 1872 (93.60%) -- Ticket Income $65,520
Level 4 -- Attendance: 3883 (97.08%) -- Ticket Income $97,075
Luxury Box -- Attendance: 1000 (100.00%) -- Ticket Income $200,000
Game was played at the Bridgestone arena.
Total Attendance: 17655 (98.08%)
Total Ticket Income: $1,256,595
Other Income: $188,489
Total Income: $1,445,084
Panthers
5 vs 5 Forward
Center Left Wing Right Wing Time % Phy DF OF
1 Matt Duchene Kirill Kaprizov Kris Versteeg 40 0 2 3
2 Jordan Staal Alex Iafallo Victor Oreskovich 30 0 2 3
3 Miro Aaltonen Jamie Benn Petr Straka 20 1 2 2
4 Quinton Howden Blake Geoffrion Jerry D'Amigo 10 1 2 2
5 vs 5 Defense
Defense Defense Time % Phy DF OF
1 Alex Pietrangelo Danny DeKeiser 40 0 2 3
2 Alex Goligoski Niklas Hansson 30 0 2 3
3 Griffin Reinhart Nikita Tryamkin 20 1 2 2
4 Alex Pietrangelo Danny DeKeiser 10 0 2 3
PowerPlay Forward
Center Left Wing Right Wing Time % Phy DF OF
1 Matt Duchene Kirill Kaprizov Kris Versteeg 60 0 1 4
2 Jordan Staal Alex Iafallo Victor Oreskovich 40 0 1 4
PowerPlay Defense
Defense Defense Time % Phy DF OF
1 Alex Pietrangelo Griffin Reinhart 60 0 2 3
2 Alex Goligoski Nikita Tryamkin 40 0 2 3
Penalty Kill 4 Players Forward
Center Wing Time % Phy DF OF
1 Quinton Howden Kris Versteeg 60 1 3 1
2 Miro Aaltonen Alex Iafallo 40 1 3 1
Penalty Kill 4 Players Defense
Defense Defense Time % Phy DF OF
1 Alex Pietrangelo Danny DeKeiser 60 1 3 1
2 Alex Goligoski Niklas Hansson 40 1 3 1
Penalty Kill - 3 Players Forward
Forward Time % Phy DF OF
1 Kris Versteeg 60 1 3 1
2 Quinton Howden 40 1 3 1
Penalty Kill - 3 Players Defense
Defense Defense Time % Phy DF OF
1 Alex Pietrangelo Danny DeKeiser 60 1 3 1
2 Alex Goligoski Niklas Hansson 40 1 3 1
4 vs 4 Forward
Center Wing Time % Phy DF OF
1 Matt Duchene Kris Versteeg 60 0 2 3
2 Jordan Staal Alex Iafallo 40 0 2 3
4 vs 4 Defense
Defense Defense Time % Phy DF OF
1 Alex Pietrangelo Danny DeKeiser 60 0 2 3
2 Alex Goligoski Niklas Hansson 40 1 2 2
Last Minutes Offensive
Center Left Wing Right Wing Defense Defense
Matt Duchene Kirill Kaprizov Kris Versteeg Alex Pietrangelo Alex Goligoski
Last Minutes Defensive
Center Left Wing Right Wing Defense Defense
Quinton Howden Alex Iafallo Kris Versteeg Danny DeKeiser Niklas Hansson
Goaltenders
Starting : Ville Husso
Backup : Brian Elliott
Extra Forwards
Normal : Alex Iafallo, Matt Duchene, Kris Versteeg - PP : Miro Aaltonen, Matt Duchene - PK : Miro Aaltonen
Extra Defensemen
Normal : Alex Goligoski, Alex Pietrangelo, Niklas Hansson - PP : Alex Pietrangelo - PK : Alex Goligoski, Niklas Hansson
Penalty Shots
Quinton Howden, Jordan Staal, Miro Aaltonen, Kris Versteeg, Matt Duchene
Custom OT Lines Forwards
Matt Duchene, Kris Versteeg, Alex Iafallo, Jordan Staal, Miro Aaltonen, Quinton Howden, Blake Geoffrion, Jamie Benn, Kirill Kaprizov, Petr Straka
Custom OT Lines Defensemen
Alex Pietrangelo, Alex Goligoski, Niklas Hansson, Danny DeKeiser, Griffin Reinhart
Scratches
None
Predators
5 vs 5 Forward
Center Left Wing Right Wing Time % Phy DF OF
1 Jack Eichel Claude Giroux Mikael Granlund 40 1 2 2
2 Andy Miele Jaden Schwartz Reilly Smith 30 1 2 2
3 Scott Laughton Alexander Ovechkin Mark Pysyk 20 1 2 2
4 Markus Granlund Nicolas Kerdiles Joel Armia 10 1 2 2
5 vs 5 Defense
Defense Defense Time % Phy DF OF
1 Ryan Mcdonagh Justin Faulk 40 1 2 2
2 John Moore Morgan Rielly 30 1 2 2
3 Andreas Englund Travis Dermott 20 1 2 2
4 Ryan Mcdonagh Travis Dermott 10 1 1 3
PowerPlay Forward
Center Left Wing Right Wing Time % Phy DF OF
1 Jack Eichel Claude Giroux Mikael Granlund 60 1 1 3
2 Andy Miele Jaden Schwartz Reilly Smith 40 1 1 3
PowerPlay Defense
Defense Defense Time % Phy DF OF
1 Ryan Mcdonagh Alexander Ovechkin 60 1 1 3
2 John Moore Morgan Rielly 40 1 2 2
Penalty Kill 4 Players Forward
Center Wing Time % Phy DF OF
1 Claude Giroux Mark Pysyk 60 1 2 2
2 Mikael Granlund Jaden Schwartz 40 1 2 2
Penalty Kill 4 Players Defense
Defense Defense Time % Phy DF OF
1 Ryan Mcdonagh Justin Faulk 60 1 2 2
2 John Moore Andreas Englund 40 1 2 2
Penalty Kill - 3 Players Forward
Forward Time % Phy DF OF
1 Claude Giroux 60 1 2 2
2 Mark Pysyk 40 1 2 2
Penalty Kill - 3 Players Defense
Defense Defense Time % Phy DF OF
1 Ryan Mcdonagh Justin Faulk 60 1 2 2
2 John Moore Andreas Englund 40 1 2 2
4 vs 4 Forward
Center Wing Time % Phy DF OF
1 Claude Giroux Alexander Ovechkin 60 1 2 2
2 Mikael Granlund Jaden Schwartz 40 1 2 2
4 vs 4 Defense
Defense Defense Time % Phy DF OF
1 Ryan Mcdonagh Justin Faulk 60 1 2 2
2 John Moore Morgan Rielly 40 1 2 2
Last Minutes Offensive
Center Left Wing Right Wing Defense Defense
Jack Eichel Claude Giroux Mikael Granlund Ryan Mcdonagh Alexander Ovechkin
Last Minutes Defensive
Center Left Wing Right Wing Defense Defense
Andy Miele Claude Giroux Mikael Granlund Ryan Mcdonagh John Moore
Goaltenders
Starting : Kari Lehtonen
Backup : Michal Neuvirth
Extra Forwards
Normal : Alexander Ovechkin, Scott Laughton, Joel Armia - PP : Joel Armia, Scott Laughton - PK : Nicolas Kerdiles
Extra Defensemen
Normal : John Moore, Travis Dermott, Justin Faulk - PP : Travis Dermott - PK : John Moore, Morgan Rielly
Penalty Shots
Mikael Granlund, Alexander Ovechkin, Claude Giroux, Jack Eichel, Ryan Mcdonagh
Custom OT Lines Forwards
Claude Giroux, Alexander Ovechkin, Mikael Granlund, Jaden Schwartz, Andy Miele, Reilly Smith, Jack Eichel, Nicolas Kerdiles, Scott Laughton, Joel Armia
Custom OT Lines Defensemen
Ryan Mcdonagh, John Moore, Justin Faulk, Morgan Rielly, Travis Dermott
Scratches
None
% Time on Ice - Panthers
Lines # - Real PCT - Wanted PCT - Time Play
Normal Forward
1 - 32% - 40% - 13:20
2 - 23% - 30% - 9:17
3 - 25% - 20% - 10:18
4 - 20% - 10% - 8:11
Normal Defense
1 - 32% - 40% - 12:59
2 - 28% - 30% - 11:20
3 - 40% - 20% - 16:35
4 - 0% - 10% - 0:12
PP Forward
1 - 55% - 60% - 5:44
2 - 45% - 40% - 4:39
PP Defense
1 - 46% - 60% - 4:47
2 - 54% - 40% - 5:36
PK Forward
1 - 86% - 60% - 7:21
2 - 14% - 40% - 1:10
PK Defense
1 - 68% - 60% - 5:50
2 - 32% - 40% - 2:41
PK3 Forward
1 - 0% - 60%
2 - 0% - 40%
PK3 Defense
1 - 0% - 60%
2 - 0% - 40%
44 Forward
1 - 0% - 60%
2 - 0% - 40%
44 Defense
1 - 0% - 60%
2 - 0% - 40%
Last Minute Offensive - 0:00
Last Minute Defensive - 0:00
Total
Forward - 60:00
Defense - 60:00
|
% Time on Ice - Predators
Lines # - Real PCT - Wanted PCT - Time Play
Normal Forward
1 - 32% - 40% - 12:57
2 - 29% - 30% - 11:44
3 - 22% - 20% - 9:03
4 - 18% - 10% - 7:22
Normal Defense
1 - 40% - 40% - 16:17
2 - 34% - 30% - 14:06
3 - 22% - 20% - 8:56
4 - 4% - 10% - 1:47
PP Forward
1 - 54% - 60% - 4:35
2 - 46% - 40% - 3:56
PP Defense
1 - 62% - 60% - 5:17
2 - 38% - 40% - 3:14
PK Forward
1 - 74% - 60% - 7:40
2 - 26% - 40% - 2:43
PK Defense
1 - 55% - 60% - 5:42
2 - 45% - 40% - 4:41
PK3 Forward
1 - 0% - 60%
2 - 0% - 40%
PK3 Defense
1 - 0% - 60%
2 - 0% - 40%
44 Forward
1 - 0% - 60%
2 - 0% - 40%
44 Defense
1 - 0% - 60%
2 - 0% - 40%
Last Minute Offensive - 0:00
Last Minute Defensive - 0:00
Total
Forward - 60:00
Defense - 60:00
|
Play-by-Play
1st period
0:01 of 1st period - Jack Eichel wins face-off versus Matt Duchene in neutral zone.
0:04 of 1st period - Danny DeKeiser is hit by Justin Faulk.
0:31 of 1st period - Slapshot by Alex Pietrangelo.
0:31 of 1st period - Stopped by Kari Lehtonen with a rebound.
0:47 of 1st period - Slapshot by Alex Pietrangelo.
0:47 of 1st period - Shot Misses the Net.
1:13 of 1st period - Snap shot by Quinton Howden.
1:13 of 1st period - Shot Blocked by Andreas Englund.
1:15 of 1st period - Slapshot by Alex Pietrangelo.
1:15 of 1st period - Shot Misses the Net.
1:27 of 1st period - Alex Goligoski is hit by Claude Giroux and loses puck.
1:48 of 1st period - Ryan Mcdonagh is hit by Jamie Benn and loses puck.
1:55 of 1st period - Wrist shot by Claude Giroux.
1:55 of 1st period - Shot Blocked by Jamie Benn.
1:57 of 1st period - Snap shot by John Moore.
1:57 of 1st period - Stopped by Ville Husso with a rebound.
1:59 of 1st period - Slapshot by John Moore.
1:59 of 1st period - Stopped by Ville Husso without a rebound.
2:00 of 1st period - Jordan Staal wins face-off versus Andy Miele in Panthers zone.
2:27 of 1st period - Snap shot by Nicolas Kerdiles.
2:27 of 1st period - Deflect By Markus Granlund.
2:27 of 1st period - Stopped by Ville Husso with a rebound.
2:29 of 1st period - Snap shot by Joel Armia.
2:29 of 1st period - Shot Blocked by Nikita Tryamkin.
2:29 of 1st period - Nikita Tryamkin from Panthers is injured at 2:29 of 1st period (Sprained Right Ankle).
2:30 of 1st period - Matt Duchene wins face-off versus Alexander Ovechkin in Panthers zone.
2:37 of 1st period - Slapshot by Alex Pietrangelo.
2:37 of 1st period - Shot Blocked by Mark Pysyk.
2:39 of 1st period - Snap shot by Matt Duchene.
2:39 of 1st period - Shot Misses the Net.
2:41 of 1st period - Snap shot by Danny DeKeiser.
2:41 of 1st period - Stopped by Kari Lehtonen without a rebound.
2:42 of 1st period - Jack Eichel wins face-off versus Matt Duchene in Predators zone.
3:09 of 1st period - Travis Dermott is hit by Petr Straka and loses puck.
3:24 of 1st period - John Moore is hit by Jamie Benn and loses puck.
3:47 of 1st period - Snap shot by Jaden Schwartz.
3:47 of 1st period - Goal by Jaden Schwartz - Panthers : 0 - Predators : 1.
3:48 of 1st period - Jack Eichel wins face-off versus Matt Duchene in neutral zone.
4:30 of 1st period - Minor Penalty to Mark Pysyk for Cross-checking.
4:31 of 1st period - Matt Duchene wins face-off versus Claude Giroux in Predators zone.
4:45 of 1st period - Wrist shot by Matt Duchene.
4:45 of 1st period - Deflect By Kirill Kaprizov.
4:45 of 1st period - Stopped by Kari Lehtonen with a rebound.
5:07 of 1st period - Snap shot by Jordan Staal.
5:07 of 1st period - Stopped by Kari Lehtonen with a rebound.
6:18 of 1st period - Matt Duchene is hit by Andreas Englund and loses puck.
6:30 of 1st period - Penalty to Mark Pysyk is over, Mark Pysyk is back on ice.
6:43 of 1st period - Niklas Hansson is hit by Joel Armia and loses puck.
7:00 of 1st period - Snap shot by Scott Laughton.
7:00 of 1st period - Stopped by Ville Husso with a rebound.
7:11 of 1st period - Icing by Niklas Hansson.
7:12 of 1st period - Quinton Howden wins face-off versus Andy Miele in Panthers zone.
7:38 of 1st period - Ryan Mcdonagh is hit by Matt Duchene and loses puck.
8:51 of 1st period - Alex Pietrangelo is hit by Morgan Rielly and loses puck.
9:01 of 1st period - Icing by Alex Pietrangelo.
9:02 of 1st period - Matt Duchene wins face-off versus Jack Eichel in Panthers zone.
9:07 of 1st period - Wrist shot by Matt Duchene.
9:07 of 1st period - Stopped by Kari Lehtonen with a rebound.
9:09 of 1st period - Wrist shot by Kris Versteeg.
9:09 of 1st period - Stopped by Kari Lehtonen without a rebound.
9:10 of 1st period - Kris Versteeg wins face-off versus Jack Eichel in Predators zone.
9:11 of 1st period - Wrist shot by Matt Duchene.
9:11 of 1st period - Stopped by Kari Lehtonen with a rebound.
9:13 of 1st period - Slapshot by Niklas Hansson.
9:13 of 1st period - Stopped by Kari Lehtonen with a rebound.
9:21 of 1st period - Wrist shot by Ryan Mcdonagh.
9:21 of 1st period - Stopped by Ville Husso without a rebound.
9:22 of 1st period - Matt Duchene wins face-off versus Jack Eichel in Panthers zone.
9:24 of 1st period - Minor Penalty to Kris Versteeg for Hooking.
9:25 of 1st period - Miro Aaltonen wins face-off versus Jack Eichel in Panthers zone.
10:04 of 1st period - Off-side.
10:05 of 1st period - Jordan Staal wins face-off versus Andy Miele in neutral zone.
11:24 of 1st period - Penalty to Kris Versteeg is over, Kris Versteeg is back on ice.
11:38 of 1st period - Snap shot by Matt Duchene.
11:38 of 1st period - Shot Blocked by Alexander Ovechkin.
13:35 of 1st period - Icing by Travis Dermott.
13:36 of 1st period - Jack Eichel wins face-off versus Matt Duchene in Predators zone.
15:06 of 1st period - Minor Penalty to Andy Miele for Slashing.
15:07 of 1st period - Claude Giroux wins face-off versus Kris Versteeg in Predators zone.
15:33 of 1st period - Victor Oreskovich is hit by Jaden Schwartz and loses puck.
15:40 of 1st period - Andreas Englund is hit by Jordan Staal and loses puck.
17:06 of 1st period - Penalty to Andy Miele is over, Andy Miele is back on ice.
17:19 of 1st period - Danny DeKeiser is hit by Travis Dermott and loses puck.
17:24 of 1st period - Slapshot by Jaden Schwartz.
17:24 of 1st period - Shot Misses the Net.
17:46 of 1st period - Nicolas Kerdiles is hit by Blake Geoffrion and loses puck.
19:20 of 1st period - Danny DeKeiser is hit by Reilly Smith.
19:36 of 1st period - Snap shot by Mikael Granlund.
19:36 of 1st period - Deflect By Claude Giroux.
19:36 of 1st period - Stopped by Ville Husso with a rebound.
Goals for this period are 0 for Panthers vs 1 for Predators.
Shots for this period are 8 for Panthers vs 7 for Predators.
2nd period
0:01 of 2nd period - Matt Duchene wins face-off versus Jack Eichel in neutral zone.
0:08 of 2nd period - Snap shot by Matt Duchene.
0:08 of 2nd period - Shot Misses the Net.
0:14 of 2nd period - Kirill Kaprizov is hit by Justin Faulk and loses puck.
0:34 of 2nd period - Minor Penalty to Andy Miele for Hooking.
0:35 of 2nd period - Matt Duchene wins face-off versus Claude Giroux in Predators zone.
2:14 of 2nd period - Snap shot by Alexander Ovechkin.
2:14 of 2nd period - Stopped by Ville Husso without a rebound.
2:15 of 2nd period - Matt Duchene wins face-off versus Claude Giroux in Panthers zone.
2:30 of 2nd period - Mikael Granlund is hit by Griffin Reinhart and loses puck.
2:34 of 2nd period - Penalty to Andy Miele is over, Andy Miele is back on ice.
2:53 of 2nd period - Niklas Hansson is hit by Jaden Schwartz and loses puck.
4:07 of 2nd period - Snap shot by Mark Pysyk.
4:07 of 2nd period - Stopped by Ville Husso with a rebound.
4:21 of 2nd period - Wrist shot by Mikael Granlund.
4:21 of 2nd period - Shot Blocked by Alex Goligoski.
4:23 of 2nd period - Slapshot by Justin Faulk.
4:23 of 2nd period - Shot Blocked by Alex Goligoski.
4:35 of 2nd period - Wrist shot by Matt Duchene.
4:35 of 2nd period - Stopped by Kari Lehtonen with a rebound.
4:37 of 2nd period - Snap shot by Kirill Kaprizov.
4:37 of 2nd period - Shot Blocked by Ryan Mcdonagh.
4:39 of 2nd period - Slapshot by Griffin Reinhart.
4:39 of 2nd period - Stopped by Kari Lehtonen without a rebound.
4:40 of 2nd period - Andy Miele wins face-off versus Matt Duchene in Predators zone.
5:15 of 2nd period - Snap shot by Claude Giroux.
5:15 of 2nd period - Shot Misses the Net.
5:17 of 2nd period - Wrist shot by Claude Giroux.
5:17 of 2nd period - Shot Misses the Net.
6:36 of 2nd period - Slapshot by Alex Pietrangelo.
6:36 of 2nd period - Stopped by Kari Lehtonen with a rebound.
6:38 of 2nd period - Wrist shot by Alex Iafallo.
6:38 of 2nd period - Shot Blocked by Andreas Englund.
6:40 of 2nd period - Wrist shot by Alex Iafallo.
6:40 of 2nd period - Shot Misses the Net.
6:42 of 2nd period - Slapshot by Victor Oreskovich.
6:42 of 2nd period - Stopped by Kari Lehtonen with a rebound.
6:56 of 2nd period - Snap shot by Alexander Ovechkin.
6:56 of 2nd period - Stopped by Ville Husso with a rebound.
6:58 of 2nd period - Snap shot by Scott Laughton.
6:58 of 2nd period - Stopped by Ville Husso with a rebound.
7:00 of 2nd period - Wrist shot by Mark Pysyk.
7:00 of 2nd period - Shot Misses the Net.
7:02 of 2nd period - Snap shot by Scott Laughton.
7:02 of 2nd period - Stopped by Ville Husso with a rebound.
8:10 of 2nd period - Wrist shot by Alex Goligoski.
8:10 of 2nd period - Stopped by Kari Lehtonen without a rebound.
8:11 of 2nd period - Scott Laughton wins face-off versus Matt Duchene in Predators zone.
8:11 of 2nd period - Scott Laughton is hit by Alex Goligoski.
8:28 of 2nd period - Minor Penalty to Kris Versteeg for Hooking.
8:29 of 2nd period - Jack Eichel wins face-off versus Quinton Howden in Panthers zone.
10:28 of 2nd period - Penalty to Kris Versteeg is over, Kris Versteeg is back on ice.
11:29 of 2nd period - Icing by Alex Pietrangelo.
11:30 of 2nd period - Markus Granlund wins face-off versus Matt Duchene in Panthers zone.
11:35 of 2nd period - Wrist shot by Joel Armia.
11:35 of 2nd period - Shot Misses the Net.
11:37 of 2nd period - Slapshot by Nicolas Kerdiles.
11:37 of 2nd period - Stopped by Ville Husso with a rebound.
11:39 of 2nd period - Wrist shot by Markus Granlund.
11:39 of 2nd period - Shot Misses the Net.
12:19 of 2nd period - Danny DeKeiser is hit by Jack Eichel and loses puck.
12:38 of 2nd period - Danny DeKeiser is hit by Mark Pysyk and loses puck.
12:51 of 2nd period - Wrist shot by Joel Armia.
12:51 of 2nd period - Shot Blocked by Niklas Hansson.
12:53 of 2nd period - Slapshot by Joel Armia.
12:53 of 2nd period - Shot Misses the Net.
12:55 of 2nd period - Snap shot by Markus Granlund.
12:55 of 2nd period - Shot Blocked by Alex Goligoski.
12:57 of 2nd period - Slapshot by Justin Faulk.
12:57 of 2nd period - Shot Misses the Net.
13:01 of 2nd period - Wrist shot by Joel Armia.
13:01 of 2nd period - Stopped by Ville Husso with a rebound.
13:07 of 2nd period - Minor Penalty to Quinton Howden for Hooking.
13:08 of 2nd period - Jack Eichel wins face-off versus Miro Aaltonen in Panthers zone.
13:11 of 2nd period - Wrist shot by Claude Giroux.
13:11 of 2nd period - Shot Misses the Net.
13:13 of 2nd period - Slapshot by Claude Giroux.
13:13 of 2nd period - Deflect By Mikael Granlund.
13:13 of 2nd period - Shot Blocked by Miro Aaltonen.
13:13 of 2nd period - Puck is out of play.
13:14 of 2nd period - Miro Aaltonen wins face-off versus Jack Eichel in Panthers zone.
13:47 of 2nd period - Snap shot by Andy Miele.
13:47 of 2nd period - Shot Blocked by Alex Goligoski.
13:49 of 2nd period - Snap shot by Alexander Ovechkin.
13:49 of 2nd period - Shot Blocked by Niklas Hansson.
13:51 of 2nd period - Snap shot by Jaden Schwartz.
13:51 of 2nd period - Stopped by Ville Husso with a rebound.
14:03 of 2nd period - Snap shot by Miro Aaltonen.
14:03 of 2nd period - Shot Misses the Net.
14:25 of 2nd period - Alex Pietrangelo is hit by Mikael Granlund and loses puck.
15:07 of 2nd period - Penalty to Quinton Howden is over, Quinton Howden is back on ice.
15:14 of 2nd period - Slapshot by Quinton Howden.
15:14 of 2nd period - Stopped by Kari Lehtonen with a rebound.
15:47 of 2nd period - Travis Dermott is hit by Petr Straka and loses puck.
16:06 of 2nd period - Markus Granlund is hit by Alex Iafallo and loses puck.
16:21 of 2nd period - Slapshot by Niklas Hansson.
16:21 of 2nd period - Shot Blocked by Justin Faulk.
16:23 of 2nd period - Wrist shot by Jerry D'Amigo.
16:23 of 2nd period - Shot Misses the Net.
16:25 of 2nd period - Snap shot by Blake Geoffrion.
16:25 of 2nd period - Stopped by Kari Lehtonen with a rebound.
16:27 of 2nd period - Wrist shot by Blake Geoffrion.
16:27 of 2nd period - Shot Misses the Net.
16:33 of 2nd period - Minor Penalty to Justin Faulk for Holding.
16:34 of 2nd period - Matt Duchene wins face-off versus Claude Giroux in Predators zone.
16:40 of 2nd period - Slapshot by Alex Goligoski.
16:40 of 2nd period - Shot Blocked by Claude Giroux.
16:54 of 2nd period - John Moore is hit by Kirill Kaprizov and loses puck.
18:33 of 2nd period - Penalty to Justin Faulk is over, Justin Faulk is back on ice.
19:25 of 2nd period - Alex Pietrangelo is hit by Mark Pysyk and loses puck.
19:36 of 2nd period - Jaden Schwartz is hit by Danny DeKeiser and loses puck.
19:56 of 2nd period - John Moore is hit by Niklas Hansson and loses puck.
Goals for this period are 0 for Panthers vs 0 for Predators.
Shots for this period are 7 for Panthers vs 8 for Predators.
3rd period
0:01 of 3rd period - Jack Eichel wins face-off versus Matt Duchene in neutral zone.
0:11 of 3rd period - Snap shot by Matt Duchene.
0:11 of 3rd period - Shot Misses the Net.
0:13 of 3rd period - Slapshot by Danny DeKeiser.
0:13 of 3rd period - Stopped by Kari Lehtonen without a rebound.
0:14 of 3rd period - Matt Duchene wins face-off versus Jack Eichel in Predators zone.
0:38 of 3rd period - Minor Penalty to Alex Pietrangelo for Hooking.
0:39 of 3rd period - Claude Giroux wins face-off versus Quinton Howden in Panthers zone.
0:44 of 3rd period - Wrist shot by Claude Giroux.
0:44 of 3rd period - Shot Blocked by Kris Versteeg.
1:13 of 3rd period - Slapshot by Morgan Rielly.
1:13 of 3rd period - Deflect By Danny DeKeiser.
1:13 of 3rd period - Goal by Morgan Rielly - Panthers : 0 - Predators : 2.
1:14 of 3rd period - Jack Eichel wins face-off versus Matt Duchene in neutral zone.
1:26 of 3rd period - Alex Pietrangelo is hit by Ryan Mcdonagh and loses puck.
1:29 of 3rd period - Minor Penalty to Claude Giroux for Roughing.
1:30 of 3rd period - Matt Duchene wins face-off versus Nicolas Kerdiles in Predators zone.
2:42 of 3rd period - Snap shot by Matt Duchene.
2:42 of 3rd period - Shot Misses the Net.
3:10 of 3rd period - Kirill Kaprizov is hit by Jaden Schwartz and loses puck.
3:29 of 3rd period - Penalty to Claude Giroux is over, Claude Giroux is back on ice.
3:45 of 3rd period - Nicolas Kerdiles is hit by Petr Straka and loses puck.
4:04 of 3rd period - Danny DeKeiser is hit by Travis Dermott.
4:08 of 3rd period - Andy Miele is hit by Jerry D'Amigo.
4:18 of 3rd period - Morgan Rielly is hit by Miro Aaltonen and loses puck.
5:04 of 3rd period - Petr Straka is hit by Scott Laughton and loses puck.
5:32 of 3rd period - Jordan Staal is hit by Andy Miele and loses puck.
6:04 of 3rd period - Jordan Staal is hit by Nicolas Kerdiles and loses puck.
6:25 of 3rd period - Morgan Rielly is hit by Jerry D'Amigo and loses puck.
7:31 of 3rd period - Petr Straka is hit by Mark Pysyk and loses puck.
8:24 of 3rd period - Slapshot by Alex Goligoski.
8:24 of 3rd period - Shot Hit the Post.
8:39 of 3rd period - Off-side.
8:40 of 3rd period - Matt Duchene wins face-off versus Jack Eichel in neutral zone.
8:44 of 3rd period - Snap shot by Kris Versteeg.
8:44 of 3rd period - Stopped by Kari Lehtonen with a rebound.
8:46 of 3rd period - Snap shot by Danny DeKeiser.
8:46 of 3rd period - Stopped by Kari Lehtonen without a rebound.
8:47 of 3rd period - Jack Eichel wins face-off versus Matt Duchene in Predators zone.
9:00 of 3rd period - Snap shot by Claude Giroux.
9:00 of 3rd period - Shot Blocked by Danny DeKeiser.
9:13 of 3rd period - Claude Giroux is hit by Kirill Kaprizov and loses puck.
9:28 of 3rd period - Snap shot by Matt Duchene.
9:28 of 3rd period - Stopped by Kari Lehtonen without a rebound.
9:29 of 3rd period - Jordan Staal wins face-off versus Andy Miele in Predators zone.
10:44 of 3rd period - Snap shot by Mark Pysyk.
10:44 of 3rd period - Deflect By Alexander Ovechkin.
10:44 of 3rd period - Stopped by Ville Husso without a rebound.
10:45 of 3rd period - Matt Duchene wins face-off versus Jack Eichel in Panthers zone.
10:50 of 3rd period - Wrist shot by Mikael Granlund.
10:50 of 3rd period - Shot Misses the Net.
11:12 of 3rd period - Jaden Schwartz is hit by Danny DeKeiser and loses puck.
11:19 of 3rd period - Snap shot by Alex Iafallo.
11:19 of 3rd period - Stopped by Kari Lehtonen with a rebound.
11:21 of 3rd period - Slapshot by Niklas Hansson.
11:21 of 3rd period - Shot Misses the Net.
11:23 of 3rd period - Snap shot by Jordan Staal.
11:23 of 3rd period - Shot Misses the Net.
11:35 of 3rd period - Travis Dermott is hit by Jamie Benn and loses puck.
11:55 of 3rd period - Icing by Alex Pietrangelo.
11:56 of 3rd period - Jack Eichel wins face-off versus Quinton Howden in Panthers zone.
11:57 of 3rd period - Snap shot by Claude Giroux.
11:57 of 3rd period - Shot Misses the Net.
11:59 of 3rd period - Wrist shot by Jack Eichel.
11:59 of 3rd period - Stopped by Ville Husso with a rebound.
12:01 of 3rd period - Snap shot by Claude Giroux.
12:01 of 3rd period - Deflect By Jack Eichel.
12:01 of 3rd period - Shot Blocked by Blake Geoffrion.
12:01 of 3rd period - Puck is out of play.
12:02 of 3rd period - Matt Duchene wins face-off versus Jack Eichel in Panthers zone.
12:02 of 3rd period - Matt Duchene is hit by Ryan Mcdonagh.
13:15 of 3rd period - Icing by Andy Miele.
13:16 of 3rd period - Andy Miele wins face-off versus Miro Aaltonen in Predators zone.
13:25 of 3rd period - Snap shot by Morgan Rielly.
13:25 of 3rd period - Deflect By Danny DeKeiser.
13:25 of 3rd period - Stopped by Ville Husso without a rebound.
13:26 of 3rd period - Jordan Staal wins face-off versus Jack Eichel in Panthers zone.
13:26 of 3rd period - Jordan Staal is hit by Mikael Granlund.
13:58 of 3rd period - Snap shot by Miro Aaltonen.
13:58 of 3rd period - Shot Blocked by Justin Faulk.
14:00 of 3rd period - Wrist shot by Petr Straka.
14:00 of 3rd period - Shot Blocked by Ryan Mcdonagh.
14:08 of 3rd period - Slapshot by Mikael Granlund.
14:08 of 3rd period - Shot Misses the Net.
14:24 of 3rd period - Wrist shot by Matt Duchene.
14:24 of 3rd period - Goal by Matt Duchene - Panthers : 1 - Predators : 2.
14:25 of 3rd period - Andy Miele wins face-off versus Matt Duchene in neutral zone.
14:48 of 3rd period - Minor Penalty to Andy Miele for High sticking.
14:49 of 3rd period - Claude Giroux wins face-off versus Matt Duchene in Predators zone.
15:04 of 3rd period - Snap shot by Kris Versteeg.
15:04 of 3rd period - Shot Misses the Net.
15:06 of 3rd period - Slapshot by Alex Pietrangelo.
15:06 of 3rd period - Stopped by Kari Lehtonen without a rebound.
15:07 of 3rd period - Jordan Staal wins face-off versus Claude Giroux in Predators zone.
15:14 of 3rd period - Snap shot by Jordan Staal.
15:14 of 3rd period - Shot Misses the Net.
15:16 of 3rd period - Slapshot by Griffin Reinhart.
15:16 of 3rd period - Goal by Griffin Reinhart - Panthers : 2 - Predators : 2.
15:17 of 3rd period - Matt Duchene wins face-off versus Scott Laughton in neutral zone.
15:34 of 3rd period - Minor Penalty to Alex Pietrangelo for Tripping.
15:35 of 3rd period - Quinton Howden wins face-off versus Jack Eichel in Panthers zone.
15:47 of 3rd period - Claude Giroux is hit by Danny DeKeiser and loses puck.
15:59 of 3rd period - Icing by Ryan Mcdonagh.
16:00 of 3rd period - Andy Miele wins face-off versus Miro Aaltonen in Predators zone.
17:27 of 3rd period - Claude Giroux is hit by Miro Aaltonen and loses puck.
17:34 of 3rd period - Penalty to Alex Pietrangelo is over, Alex Pietrangelo is back on ice.
17:34 of 3rd period - Mikael Granlund is hit by Alex Iafallo and loses puck.
18:17 of 3rd period - Snap shot by Claude Giroux.
18:17 of 3rd period - Goal by Claude Giroux - Panthers : 2 - Predators : 3.
18:18 of 3rd period - Matt Duchene wins face-off versus Andy Miele in neutral zone.
18:27 of 3rd period - Slapshot by Kris Versteeg.
18:27 of 3rd period - Shot Misses the Net.
18:29 of 3rd period - Wrist shot by Kirill Kaprizov.
18:29 of 3rd period - Shot Misses the Net.
18:31 of 3rd period - Snap shot by Matt Duchene.
18:31 of 3rd period - Stopped by Kari Lehtonen without a rebound.
18:32 of 3rd period - Matt Duchene wins face-off versus Andy Miele in Predators zone.
18:45 of 3rd period - Snap shot by Jaden Schwartz.
18:45 of 3rd period - Stopped by Ville Husso with a rebound.
18:47 of 3rd period - Wrist shot by Jaden Schwartz.
18:47 of 3rd period - Goal by Jaden Schwartz - Panthers : 2 - Predators : 4.
18:48 of 3rd period - Miro Aaltonen wins face-off versus Scott Laughton in neutral zone.
19:14 of 3rd period - Justin Faulk is hit by Alex Iafallo and loses puck.
19:25 of 3rd period - Wrist shot by Jordan Staal.
19:25 of 3rd period - Stopped by Kari Lehtonen with a rebound.
19:55 of 3rd period - Wrist shot by Alexander Ovechkin.
19:55 of 3rd period - Stopped by Ville Husso with a rebound.
19:57 of 3rd period - Snap shot by Alexander Ovechkin.
19:57 of 3rd period - Goal by Alexander Ovechkin - Panthers : 2 - Predators : 5.
19:58 of 3rd period - Claude Giroux wins face-off versus Matt Duchene in neutral zone.
Goals for this period are 2 for Panthers vs 4 for Predators.
Shots for this period are 10 for Panthers vs 9 for Predators.